 Dungeon Crawl Stone Soup version 0.19.1-1-g22dce08 (webtiles) character file.

17 Gargoyl the Skirmisher (level 2, 26/26 HPs)
             Began as a Ghoul Abyssal Knight on Jan 13, 2017.
             Was an Initiate of Lugonu.
             Quit the game on level 1 of the Dungeon.
             The game lasted 00:03:16 (441 turns).

Gargoyl the Skirmisher (Ghoul Abyssal Knight)        Turns: 441, Time: 00:03:17

Health: 26/26      AC:  6    Str: 15    XL:     2   Next: 62%
Magic:  2/2        EV: 10    Int:  7    God:    Lugonu [......]
Gold:   33         SH:  0    Dex:  8    Spells: 0 memorised, 1 level left

rFire  . . .     SeeInvis .     a - +1 hand axe
rCold  + . .     Gourm    .     l - +0 ring mail
rNeg   + + +     Faith    .     (no shield)
rPois  ∞         Spirit   .     (no helmet)
rElec  .         Reflect  .     (no cloak)
rCorr  .         Harm     .     e - +0 pair of gloves
MR     .....                    (no boots)
Stlth  ..........               (no amulet)
                                (no ring)
                                (no ring)

@: rotting
A: rotting body, claws 1, carnivore 3, cold resistance 1, negative energy
resistance 3, slow regeneration 1, torment resistance, unbreathing
a: Renounce Religion


You were on level 1 of the Dungeon.
You worshipped Lugonu.
Lugonu was noncommittal.
You were not hungry.

You visited 1 branch of the dungeon, and saw 1 of its levels.
You visited the Abyss 1 time.

You collected 33 gold pieces.

Inventory:

Hand Weapons
 a - a +1 hand axe (weapon)
 g - a +2 battleaxe of distortion
Armour
 e - a +0 pair of gloves (worn)
 l - a +0 ring mail (worn)
Jewellery
 k - an uncursed ring of protection from fire
Scrolls
 d - a scroll of fog {unknown}
 f - a scroll of remove curse {unknown}
 j - 2 scrolls of fear
Comestibles
 c - a meat ration
 i - a chunk of flesh


   Skills:
 + Level 3.5 Fighting
 + Level 2.1 Axes
 * Level 2.1 Armour
 + Level 0.8 Dodging
 * Level 2.1 Invocations


You had one spell level left.
You didn't know any spells.

Dungeon Overview and Level Annotations

Branches:
Dungeon (1/15)

Altars:


Innate Abilities, Weirdness & Mutations

Your body is rotting away.
You thrive on raw meat.
You are immune to poison.
You have sharp fingernails.
You are carnivorous and can eat meat at any time.
Your flesh is cold resistant. (rC+)
You are immune to negative energy. (rN+++)
You regenerate slowly when monsters are visible.
You are immune to unholy pain and torment.
You can survive without breathing.


Message History

j - 3 scrolls labeled LAQUQER GUME
Found a ring mail.
k - a bronze ring You see here a ring mail.
l - a ring mail You start removing your armour.
You continue taking off your +0 leather armour. x4
You finish taking off your +0 leather armour.
You start putting on your armour.
You continue putting on your ring mail. x5
You finish putting on your +0 ring mail.
You drop a +0 leather armour.
As you read the scroll labeled LAQUQER GUME, it crumbles to dust.
You assume a fearsome visage.
Nothing appears to happen.
It was a scroll of fear.
As you read the scroll labeled NOFELI UCKIO, it crumbles to dust.
It is a scroll of identify.
k - an uncursed ring of protection from fire
As you read the scroll of identify, it crumbles to dust.
g - a +2 battleaxe of distortion Are you sure you want to abandon this character and quit the game? (Confirm with "yes".)

.........)#.##.# #..# #.#
##############.# #..# #.#
######## #.#####..# #.#
###......######.......# #.#
............########### #.#
...####......# ###########.#
..#######....###.........#.#
.##.....##....##...#####.#.#
###.##..###....#@..# #.#.#
###.<##..##....#......##.#.#
.#####...##....#......##...#
..###...###....#......##.###
........##....##.....###.#
##....###.....##...### #.#
########.....###...# #.#
..####......## #...# #.#
...........## ...


There were no monsters in sight!

Vanquished Creatures
  An ooze (D:1)
  2 dart slugs (D:1)
  A ball python (D:1)
  2 bats (D:1)
  A giant cockroach (D:1)
  2 frilled lizards (D:1)
9 creatures vanquished.

Notes
Turn   | Place    | Note
-------+----------+-------------------------------------------
     0 | Abyss:1  | Gargoyl the Ghoul Abyssal Knight began the quest for the Orb.
     0 | Abyss:1  | Reached XP level 1. HP: 19/19 MP: 1/1
    83 | Abyss:1  | Noticed a spatial vortex
    83 | Abyss:1  | Noticed a spatial vortex
   154 | Abyss:2  | Noticed a wretched star
   154 | D:1      | Escaped the Abyss
   278 | D:1      | Reached XP level 2. HP: 26/26 MP: 2/2
   441 | D:1      | Quit the game

Skill      XL: |  1  2 |
---------------+-------+-----
Axes           | 2 |  2.1
Armour         | 2 |  2.1
Fighting       | |  3.5
Dodging        | |  0.8
Invocations    | |  2.1

Action                   || total
-------------------------++-------
Melee: Hand axe          ||    28
Invok: Depart the Abyss  ||     1
  Use: Scroll            ||     3
  Eat: Chunk             ||     5
Armor: Leather armour    ||     9
Dodge: Dodged            ||    11
